 Dungeon Crawl Stone Soup version 0.19.0-11-g3fc08b3 (webtiles) character file.

193 McCoppin the Shooter (level 5, -2/32 HPs)
             Began as a Deep Elf Hunter on Nov 8, 2016.
             Slain by a hound (5 damage)
             ... on level 4 of the Dungeon.
             The game lasted 00:05:24 (2436 turns).

McCoppin the Shooter (Deep Elf Hunter)              Turns: 2436, Time: 00:05:25

Health: -2/32      AC:  3    Str:  9    XL:     5   Next: 44%
Magic:  7/7        EV: 12    Int: 16    God:
Gold:   55         SH:  0    Dex: 16    Spells: 0 memorised, 4 levels left

rFire  . . .     SeeInvis .     a - +1 shortbow
rCold  . . .     Gourm    .     c - +0 leather armour
rNeg   . . .     Faith    .     (shield currently unavailable)
rPois  .         Spirit   .     (no helmet)
rElec  .         Reflect  .     (no cloak)
rCorr  .         Harm     .     (no gloves)
MR     .....                    (no boots)
Stlth  ++........               (no amulet)
                                (no ring)
                                (no ring)

@: no status effects
A: no striking features
a: no special abilities


You were on level 4 of the Dungeon.
You were not hungry.

You visited 1 branch of the dungeon, and saw 4 of its levels.

You collected 55 gold pieces.

Inventory:

Hand Weapons
 a - a +1 shortbow (weapon)
 b - a +0 short sword
Missiles
 d - 33 arrows (quivered)
 g - 29 bolts
Armour
 c - a +0 leather armour (worn)
Scrolls
 e - 3 scrolls of teleportation {unknown}
 m - a scroll of random uselessness {unknown}
 p - a scroll of enchant armour
 r - 2 scrolls of remove curse {unknown}
 u - a scroll of fear
 v - a scroll of magic mapping {unknown}
Potions
 h - a potion of mutation {unknown}
 j - 2 potions of degeneration {unknown}
 k - a potion of lignification
 l - 2 potions of agility {unknown}
 n - 2 potions of curing {unknown}
 o - a potion of flight
 q - a potion of cancellation {unknown}
 s - a potion of magic {unknown}
Comestibles
 f - 6 bread rations
 t - a slice of pizza


   Skills:
 * Level 3.5 Fighting
 + Level 5.9 Bows
 - Level 0.1 Armour
 - Level 2.4 Dodging
 - Level 1.5 Stealth


You had 4 spell levels left.
You didn't know any spells.

Dungeon Overview and Level Annotations

Branches:
Dungeon (4/15)
 Temple: D:4-7

Altars:
The Shining One

Annotations:
D:3 Grinder


Message History

Firing (i - inventory):
d - 36 arrows (quivered)
Press: ? - help, Shift-Dir - straight line, f/p - hound
Aim: a hound (lightly wounded)
You shoot an arrow. The arrow misses the hound.
The hound barely misses you.
Firing (i - inventory):
d - 35 arrows (quivered)
Press: ? - help, Shift-Dir - straight line, f/p - hound
Aim: a hound (lightly wounded)
You shoot an arrow. The arrow hits the hound.
The hound is lightly wounded.
The hound bites you.
* * * LOW HITPOINT WARNING * * *
The hound bites you.
* * * LOW HITPOINT WARNING * * *
Firing (i - inventory):
d - 34 arrows (quivered)
Press: ? - help, Shift-Dir - straight line, f/p - hound
Aim: a hound (lightly wounded)
You shoot an arrow. The arrow hits the hound.
The hound is moderately wounded.
The hound bites you.
You die...

... ..## #..#
.. #..##..#
#.)h((##..
####.###.....
#...(....#
#...###h####
#.# #.@# ..
##.# #.# #.#
#.# #.. #..
#..


You could see a hound.

Vanquished Creatures
  An ogre (D:4)
  5 adders
  3 worms (D:2)
  2 dart slugs
  4 leopard geckos
  2 orcs (D:3)
  8 bats
  A giant cockroach (D:1)
  3 goblins
  4 hobgoblins
  4 jackals
  A frilled lizard (D:3)
  6 kobolds
  4 rats
48 creatures vanquished.

Notes
Turn   | Place    | Note
-------+----------+-------------------------------------------
     0 | D:1      | McCoppin the Deep Elf Hunter began the quest for the Orb.
     0 | D:1      | Reached XP level 1. HP: 12/12 MP: 3/3
   583 | D:1      | Reached XP level 2. HP: 16/16 MP: 4/4
   786 | D:2      | Reached skill level 5 in Bows
   880 | D:2      | Reached XP level 3. HP: 21/21 MP: 5/5
  1329 | D:3      | Reached XP level 4. HP: 27/27 MP: 6/6
  1899 | D:3      | Found a glowing golden altar of the Shining One.
  2007 | D:3      | Noticed Grinder
  2217 | D:4      | Noticed an ogre
  2224 | D:4      | Killed an ogre
  2224 | D:4      | Reached XP level 5. HP: 11/32 MP: 7/7
  2436 | D:4      | Slain by a hound

Skill      XL: |  1  2  3  4 |
---------------+-------------+-----
Bows           | 5 |  5.9
Fighting       | 2 3 |  3.5
Armour         | |  0.1
Dodging        | |  2.4
Stealth        | |  1.5

Action                   |  1- 3 |  4- 6 || total
-------------------------+-------+-------++-------
 Fire: Shortbow          |    94 |    73 ||   167
  Use: Scroll            |       |     4 ||     4
  Eat: Meat ration       |       |     1 ||     1
Armor: Leather armour    |     4 |     4 ||     8
Dodge: Dodged            |     7 |    18 ||    25
